 Dungeon Crawl Stone Soup version 0.24.0-13-gcf9b319 (webtiles) character file.

Game seed: 115180646345794702, levelgen mode: deterministic

417 Fortress the Skirmisher (level 6, 0/49 HPs)
             Began as a Demonspawn Abyssal Knight on Jan 14, 2020.
             Was a Believer of Lugonu.
             Killed from afar by Sigmund (5 damage)
             ... with a magic dart
             ... on level 5 of the Dungeon on Jan 16, 2020.
             The game lasted 00:19:27 (4853 turns).

Fortress the Skirmisher (Demonspawn Abyssal Knight) Turns: 4853, Time: 00:19:28

Health: 0/49       AC:  7    Str: 14    XL:     6   Next: 61%
Magic:  8/8        EV: 11    Int: 14    God:    Lugonu [**....]
Gold:   251        SH:  0    Dex: 14    Spells: 5/5 levels left

rFire    . . .     SeeInvis .   a - +1 falchion
rCold    . . .     Gourm    .   (no shield)
rNeg     . . .     Faith    .   f - +2 ring mail {rPois}
rPois    +         Spirit   .   (helmet restricted)
rElec    .         Reflect  .   (no cloak)
rCorr    .         Harm     .   (no gloves)
MR       .....                  (no boots)
Stlth    +.........             (no amulet)
HPRegen  0.16/turn              (no ring)
MPRegen  0.11/turn              (no ring)

@: no status effects
A: antennae 1, thin skeletal structure 1
a: Depart the Abyss, Bend Space, Renounce Religion


You were on level 5 of the Dungeon.
You worshipped Lugonu.
Lugonu was pleased with you.
You were not hungry.

You visited 1 branch of the dungeon, and saw 5 of its levels.
You visited the Abyss 1 time.

You collected 251 gold pieces.

Inventory:

Hand Weapons
 a - a +1 falchion (weapon)
 k - a +0 vampiric dagger
Armour
 f - a +2 ring mail of poison resistance (worn)
Wands
 n - a wand of random effects (18)
Scrolls
 h - a scroll of teleportation
 i - 4 scrolls of remove curse
 j - a scroll of enchant armour
 m - 5 scrolls of identify
Potions
 e - a potion of brilliance
 l - a potion of agility
Comestibles
 c - 9 rations


   Skills:
 + Level 4.5 Fighting
 + Level 4.4 Long Blades
 + Level 3.2 Armour
 + Level 1.9 Dodging
 + Level 2.7 Invocations


You had 5 spell levels left.
You didn't know any spells.
Your spell library was empty.

Dungeon Overview and Level Annotations

Branches:
Dungeon (5/15)
 Temple: D:4-7

Altars:
Cheibriados
Hepliaklqana
Trog

Annotations:
D:5 Sigmund


Innate Abilities, Weirdness & Mutations

You have a pair of small antennae on your head.
You have a somewhat thin skeletal structure. (Dex +2, Stealth)


Message History

You hit Sigmund.
Sigmund is heavily wounded.
Sigmund hits you with a +0 scythe!
You closely miss Sigmund.
Sigmund is severely wounded.
You hit Sigmund.
Sigmund is severely wounded.
Sigmund casts a spell.
Sigmund flickers and vanishes!
Deactivating autopickup; reactivate with Ctrl-A.
You miss something. Something hits you!
* * * LOW HITPOINT WARNING * * *
You completely miss something. Something hits you.
* * * LOW HITPOINT WARNING * * *
You barely miss something. Something hits you.
* * * LOW HITPOINT WARNING * * *
There is a stone staircase leading up here.
A magic dart appears from out of thin air!
The magic dart hits you.
You die...

........########.#
#######..........#
#..#......(#
#..#.......#
#..#.......#
#..#...(...#
####..#..{....#
######.....#.......#
...........#@......#
...........#.......#
....<..........#####
.......#.#....##
.......#.####.#
.......#.# #.#
########.. ... ###
##..# ...#


There were no monsters in sight!

Vanquished Creatures
  A phantom (D:4)
  Terence (D:3)
  An iguana (D:2)
  Natasha (thrice) (D:3)
  An orc wizard (D:2)
  2 worker ants (D:4)
  An adder (D:4)
  3 gnolls (D:2)
  2 oozes
  5 worms
  2 dart slugs
  2 leopard geckos (D:2)
  2 orcs (D:2)
  3 ball pythons
  9 bats
  6 giant cockroaches
  5 goblins
  7 hobgoblins
  3 jackals (D:4)
  7 kobolds
  5 frilled lizards
  2 rats (D:1)
73 creatures vanquished.

Notes
Turn   | Place    | Note
-------+----------+-------------------------------------------
     0 | Abyss:1  | Fortress the Demonspawn Abyssal Knight began the quest for
                  | the Orb.
     0 | Abyss:1  | Reached XP level 1. HP: 18/18 MP: 2/2
    92 | Abyss:1  | Noticed a wraith
   115 | D:1      | Escaped the Abyss
   599 | D:1      | Gained mutation: You have a somewhat thin skeletal
                  | structure. (Dex +2, Stealth) [demonic ancestry]
   599 | D:1      | Reached XP level 2. HP: 19/24 MP: 3/3
   744 | D:1      | Found a snail-covered altar of Cheibriados.
   849 | D:1      | Reached * piety under Lugonu
  1260 | D:2      | Reached skill level 1 in Dodging
  1275 | D:2      | Gained mutation: You have a pair of small antennae on your
                  | head. [demonic ancestry]
  1275 | D:2      | Reached XP level 3. HP: 21/30 MP: 3/5
  1687 | D:2      | Reached XP level 4. HP: 36/37 MP: 6/6
  1813 | D:2      | HP: 1/37 [orc/+0 flail (9)]
  2437 | D:2      | Found a bloodstained altar of Trog.
  2920 | D:3      | Reached XP level 5. HP: 41/42 MP: 7/7
  3089 | D:3      | Noticed Terence
  3108 | D:3      | Killed Terence
  3325 | D:3      | Reached ** piety under Lugonu
  3413 | D:3      | Noticed Natasha
  3436 | D:3      | Killed Natasha
  3547 | D:3      | Noticed Natasha
  3557 | D:3      | Killed Natasha
  3746 | D:3      | Noticed Natasha
  3754 | D:3      | Killed Natasha
  3807 | D:4      | Found a hazy altar of Hepliaklqana.
  3818 | D:4      | Reached XP level 6. HP: 43/49 MP: 8/8
  3995 | D:4      | HP: 2/49 [phantom (8)]
  4774 | D:5      | Entered Level 5 of the Dungeon
  4822 | D:5      | Noticed Sigmund
  4853 | D:5      | Killed from afar by Sigmund

Levels and vault maps discovered:
D:1:      scummos_arrival_gate, layout_loops_ring, minmay_strange_pillars,
          st_stairs_6, cheibriados_altar_1
D:2:      layout_loops_cross, trog_book
D:3:      layout_basic, uniq_natasha, uniq_terence
D:4:      layout_basic, overflow_temple_1_default, first_ration
D:5:      layout_basic, uniq_sigmund

Skill      XL: |  1  2  3  4  5  6 |
---------------+-------------------+-----
Armour         | 2 3 |  3.2
Dodging        | 1 |  1.9
Long Blades    | 2 3 4 |  4.4
Fighting       | 4 |  4.5
Invocations    | |  2.7

Action                   |  1- 3 |  4- 6 || total
-------------------------+-------+-------++-------
Melee: Falchion          |    98 |   269 ||   367
Throw: Dart              |       |     9 ||     9
Invok: Depart the Abyss  |     1 |       ||     1
  Use: Scroll            |     2 |     5 ||     7
       Potion            |     1 |     3 ||     4
 Stab: Sleeping          |     1 |     2 ||     3
  Eat: Chunk             |     2 |     4 ||     6
       Ration            |       |     2 ||     2
Armor: Leather armour    |    27 |    17 ||    44
       Skin              |    11 |    13 ||    24
       Ring mail         |       |    65 ||    65
Dodge: Dodged            |    50 |   133 ||   183
       Rpst.: Falchion   |    19 |    52 ||    71
